 Dungeon Crawl Stone Soup version 0.29-a0-284-gf9362112df (webtiles) character file.

Game seed: 14815659409228100131

136 siradein the Bolt Thrower (level 5, -3/32 HPs)
             Began as a Gargoyle Hunter on Mar 15, 2022.
             Killed by nerve-wracking pain
             ... invoked by Grinder
              (5 damage)
             ... on level 3 of the Dungeon.
             The game lasted 00:10:58 (1900 turns).

siradein the Bolt Thrower (Gargoyle Hunter)         Turns: 1900, Time: 00:10:58

Health: -3/32      AC:  9    Str: 14    XL:     5   Next: 19%
Magic:  5/5        EV: 11    Int: 10    God:
Gold:   99         SH:  5    Dex: 15    Spells: 4/4 levels left

rFire   . . .      SeeInvis .   a - +1 hand crossbow
rCold   + . .      Faith    .   (no shield)
rNeg    + . .      Spirit   .   p - +0 ring mail
rPois   ∞          Reflect  +   (no helmet)
rElec   +          Harm     .   (no cloak)
rCorr   .          Rampage  .   (no gloves)
Will    .....                   (no boots)
Stlth   +.........              n - amulet of reflection
HPRegen 0.10/turn               m - ring of protection from cold
MPRegen 0.09/turn               (no ring)

@: no status effects
A: sickness immunity, AC +4, negative energy resistance 1, electricity
resistance, torment resistance 1, petrification resistance
a: no special abilities


You were on level 3 of the Dungeon.
You visited 1 branch of the dungeon, and saw 3 of its levels.

You collected 99 gold pieces.

Inventory:

Hand Weapons
 a - a +1 hand crossbow (weapon)
 s - a +2 dagger of venom
Armour
 p - a +0 ring mail (worn)
Jewellery
 m - a ring of protection from cold (left hand)
 n - an amulet of reflection (around neck)
Scrolls
 c - a scroll of immolation
 d - 2 scrolls of teleportation {unknown}
 i - 4 scrolls of enchant armour {unknown}
 k - a scroll of identify {unknown}
 o - a scroll of magic mapping {unknown}
 q - a scroll of fear {unknown}
 r - a scroll of silence {unknown}
 t - a scroll of fog {unknown}
Potions
 b - a potion of heal wounds {unknown}
 e - a potion of brilliance {unknown}
 f - a potion of cancellation {unknown}
 g - a potion of lignification {unknown}
 h - 2 potions of mutation {unknown}
 j - 2 potions of might {unknown}
 l - a potion of ambrosia {unknown}


   Skills:
 + Level 3.4 Fighting
 + Level 4.7 Crossbows
 + Level 2.2 Armour
 + Level 2.5 Dodging
 - Level 1.1 Stealth


You had 4 spell levels left.
You didn't know any spells.
Your spell library contained the following spells:

 Spells                   Type           Power      Damage    Failure   Level
 Magic Dart               Conj           0%         1d3       58%         1
 Call Imp                 Summ           0%         N/A       75%         2
 Searing Ray              Conj           0%         2d4       75%         2
 Mephitic Cloud           Conj/Pois/Air  0%         N/A       92%         3
 Fulminant Prism          Conj/Hex       0%         3d6       100%        4
 Petrify                  Tmut/Erth      0%         N/A       100%        4
 Irradiate                Conj/Tmut      0%         3d13      100%        5
 Sublimation of Blood     Necr           Unusable   N/A       N/A         2

Dungeon Overview and Level Annotations

Branches:
Dungeon (3/15)

Altars:

Annotations:
D:2 1 runed translucent door, Crazy Yiuf, Sigmund
D:3 Grinder


Innate Abilities, Weirdness & Mutations

You are immune to sickness and miasma.
Your stone body is resilient. (AC +4)
You are immune to poison.
You resist negative energy. (rN+)
You are resistant to electric shocks. (rElec)
You are resistant to unholy torment.
You are immune to petrification.


Message History

You can move again.
You shoot a bolt. The bolt closely misses Grinder.
Grinder blinks!
You shoot a bolt. The bolt hits Grinder.
Grinder is lightly wounded.
You block Grinder's attack.
You shoot a bolt. The bolt hits Grinder.
Grinder is moderately wounded.
Grinder gestures at you. Pain shoots through your body!
Grinder blinks!
Unknown command.
Grinder gestures at you.
You suddenly lose the ability to move!
Grinder gestures at you.
You shrug off the repeated paralysis!
You can move again.
Unknown command.
Unknown command.
Shoot: a) +1 hand crossbow
Press: ? - help, Q - select action Shift-Dir - straight line, f/p - Grinder
Aim: Grinder, carrying a wand of digging (8) (moderately wounded, 61% to hit)
You shoot a bolt. The bolt closely misses Grinder.
Grinder gestures at you. Pain shoots through your body!
Shoot: a) +1 hand crossbow
Press: ? - help, Q - select action Shift-Dir - straight line, f/p - Grinder
Aim: Grinder, carrying a wand of digging (8) (moderately wounded, 61% to hit)
You shoot a bolt. The bolt hits Grinder.
Grinder is moderately wounded.
Grinder hits you!
* * * LOW HITPOINT WARNING * * *
Grinder completely misses you. Grinder attacks as you move away!
Grinder hits you but does no damage.
A hobgoblin comes into view.
Grinder blinks!
Grinder gestures at you. Pain shoots through your body!
* * * LOW HITPOINT WARNING * * *
Grinder gestures at you. Pain shoots through your body!
You die...

#.# ####...#### #.#
#...# #### #.#
#######...#
...###.####.........#
....................####
....##.####.####........
.......####.# #5##.####
#.......)...# #.##.#
##.#(######.####@##.#
#.#.## #......##.#
#....## #.###..##.#
##.#.#.## #.# #..##.#
#....##.# #.#
#.....##### ##..##.##
#.# ##....†...# #..#.##
#.#######.###.# #...##
#.......).#
##..###############.#


You could see Grinder.

Vanquished Creatures
  4 adders
  2 worms
  4 dart slugs
  11 ball pythons
  6 endoplasms
  5 giant cockroaches
  6 goblins
  5 hobgoblins
  12 jackals
  4 quokkas
  9 bats
  2 frilled lizards
  6 kobolds
  5 rats
81 creatures vanquished.

Notes
Turn   | Place    | Note
-------+----------+-------------------------------------------
     0 | D:1      | siradein the Gargoyle Hunter began the quest for the Orb.
     0 | D:1      | Reached XP level 1. HP: 12/12 MP: 1/1
    33 | D:1      | Reached XP level 2. HP: 18/18 MP: 2/2
   203 | D:1      | Reached skill level 1 in Armour
   355 | D:1      | Reached XP level 3. HP: 22/22 MP: 3/3
   747 | D:1      | Reached XP level 4. HP: 21/28 MP: 4/4
   968 | D:2      | Found a faded altar of an unknown god.
   978 | D:2      | Noticed Sigmund
  1141 | D:2      | Found a runed translucent door.
  1142 | D:2      | Noticed Crazy Yiuf
  1626 | D:3      | Reached XP level 5. HP: 32/32 MP: 5/5
  1874 | D:3      | Noticed Grinder
  1877 | D:3      | Paralysed by Grinder for 4 turns
  1885 | D:3      | Paralysed by Grinder for 5 turns
  1900 | D:3      | Killed from afar by Grinder

Illustrated notes

Levels and vault maps discovered:
D:1:      roderic_dead_forest, layout_rooms, grunt_decor_resistance,
          minmay_shallow_snake_nest
D:2:      layout_rooms, basic_ecumenical_altar, uniq_sigmund,
          uniq_crazy_yiuf_cottage
D:3:      layout_loops_ring, minmay_misc_feat_ornament, uniq_grinder

Skill      XL: |  1  2  3  4 |
---------------+-------------+-----
Armour         | 1 2 |  2.2
Dodging        | 2 |  2.5
Fighting       | 3 |  3.4
Crossbows      | |  4.7
Stealth        | |  1.1

Action                   |  1- 3 |  4- 6 || total
-------------------------+-------+-------++-------
 Fire: Hand crossbow     |   104 |   138 ||   242
Armor: Leather armour    |    49 |    10 ||    59
       Ring mail         |       |    61 ||    61
Dodge: Dodged            |    60 |    84 ||   144
Block: Other             |       |    32 ||    32

Table legend: (Time is in decaauts)
 A = Elapsed time spent in this place.
 B = Non-inter-level travel time spent in this place.
 C = Inter-level travel time spent in this place.
 D = Time resting spent in this place.
 E = Time spent auto-exploring this place.
 F = Levels seen in this place.
 G = Mean time per level.
                   A        B        C        D        E       F      G
               +--------+--------+--------+--------+--------+-----+--------+
         Total |   1988 |   1934 |     54 |     73 |   1202 |   3 |  662.7 |
       Dungeon |   1988 |   1934 |     54 |     73 |   1202 |   3 |  662.7 |
               +--------+--------+--------+--------+--------+-----+--------+

Top non-repeatable levels by time:
     D:1: 856 daAuts
     D:2: 649 daAuts
     D:3: 482 daAuts
